 Dungeon Crawl Stone Soup version 0.28.0-47-ge53b351184 (webtiles) character file.

Game seed: 17591492327970426914

14755 101zpm the Thaumaturge (level 12, -23/73 HPs)
             Began as a Djinni Fire Elementalist on May 4, 2022.
             Annihilated by a two-headed ogre
             ... wielding a +0 giant club
              (30 damage)
             ... on level 2 of the Orcish Mines.
             The game lasted 00:56:40 (21755 turns).

101zpm the Thaumaturge (Djinni Fire Elementalist)  Turns: 21755, Time: 00:56:40

Health: -23/73     AC:  4    Str: 10    XL:     12   Next: 49%
Gold:   866        EV: 13    Int: 28    God:
                   SH:  0    Dex: 14

rFire   + + +      SeeInvis .   A - +1 shortbow (flame)
rCold   x . .      Faith    .   (shield currently unavailable)
rNeg    + + .      Spirit   .   a - +0 robe
rPois   ∞          Reflect  .   I - +1 helmet of Pessimism {Rampage rN++ Str+3 Stlth+}
rElec   .          Harm     .   (no cloak)
rCorr   .          Rampage  +   (no gloves)
Will    +....                   (boots unavailable)
Stlth   ++++......              (no amulet)
HPRegen 0.22/turn               z - ring of protection from fire
MPRegen 0.00/turn               q - +6 ring of intelligence

@: flying
A: sickness immunity, fire resistance 2, cold vulnerability 1, float, innate
caster, HP casting, extra vitality 1
a: no special abilities


You were on level 2 of the Orcish Mines.
You visited 2 branches of the dungeon, and saw 12 of its levels.

You collected 866 gold pieces.

Inventory:

Hand Weapons
 A - a +1 shortbow of flaming (weapon)
Missiles
 G - 65 arrows (quivered ammo)
Armour
 a - a +0 robe (worn)
 F - a +2 helmet
 I - the +1 helmet of Pessimism (worn) {Rampage rN++ Str+3 Stlth+}
   (You found it on level 4 of the Dungeon)

   Str:       It affects your strength (+3).
   rN:        It greatly protects you from negative energy.
   Rampage:   It bestows one free step when moving towards enemies.
   Stlth:     It makes you more stealthy.
Magical Staves
 y - a staff of fire
Jewellery
 b - a +4 ring of slaying
 j - a ring of fire
 q - a +6 ring of intelligence (right hand)
 z - a ring of protection from fire (left hand)
Wands
 m - a wand of charming (15)
 o - a wand of paralysis (3)
 p - a wand of flame (26)
 D - a wand of mindburst (11)
Scrolls
 c - 2 scrolls of vulnerability
 e - 5 scrolls of fog
 f - 3 scrolls of teleportation
 h - 7 scrolls of identify
 l - 3 scrolls of enchant weapon {unknown}
 r - 2 scrolls of amnesia {unknown}
 t - a scroll of summoning {unknown}
 B - 2 scrolls of enchant armour {unknown}
 E - a scroll of noise {unknown}
 H - a scroll of fear {unknown}
Potions
 d - 3 potions of curing {unknown}
 g - 3 potions of heal wounds {unknown}
 i - a potion of might {unknown}
 k - 4 potions of ambrosia {unknown}
 n - a potion of flight {unknown}
 s - 2 potions of berserk rage {unknown}
 u - a potion of magic {unknown}
 v - a potion of attraction {unknown}
 w - a potion of invisibility {unknown}
 x - a potion of mutation {unknown}
 C - a potion of degeneration {unknown}


   Skills:
 + Level 1.2 Fighting
 + Level 1.3 Bows
 + Level 3.6 Dodging
 + Level 4.2 Stealth
 + Level 14.4 Spellcasting


You had 14 spell levels left.
You knew the following spells:

 Your Spells              Type           Power      Damage    Failure   Level
a - Foxfire               Conj/Fire      100%       2x1d9     0%          1
b - Scorch                Fire           100%       2d10      0%          2
c - Conjure Flame         Conj/Fire      79%        6-21      1%          3
d - Inner Flame           Hex/Fire       79%        N/A       1%          3
e - Flame Wave            Conj/Fire      79%        2d14      1%          4
f - Sandblast             Erth           100%       2d20      0%          1
g - Passwall              Tmut/Erth      65%        N/A       0%          2
h - Poisonous Vapours     Pois/Air       100%       N/A       0%          2
i - Ignite Poison         Fire/Tmut/Pois 79%        N/A       1%          3
j - Dispel Undead         Necr           79%        3d26      1%          4
Your spell library was empty.

Dungeon Overview and Level Annotations

Branches:
Dungeon (10/15)            Temple (0/1) D:5             Orc (2/2) D:9
   Lair: D:8-11         Elf: Orc:2

Altars:
Beogh

Annotations:
D:2 Edmund, Sigmund


Innate Abilities, Weirdness & Mutations

You are immune to sickness and miasma.
You are immune to poison.
Your flesh is very heat resistant. (rF++)
You are vulnerable to cold. (rC-)
You float through the air rather than walking.
You learn spells naturally, not from books.
Your magical power is your life essence.
You have superior vitality. (+4 MHP)


Message History

Flames lash the two-headed ogre.
Flame seeps out of the two-headed ogre.
The two-headed ogre is heavily wounded.
The two-headed ogre's fire resistance burns away.
The two-headed ogre is engulfed in blazing flames.
Flame seeps out of the two-headed ogre.
The two-headed ogre hits you with a +0 giant spiked club!
The two-headed ogre misses you.
Casting: Scorch (safe; 0% risk of failure)
Confirm with . or Enter, or press ? or * to list all spells.
Flames lash the two-headed ogre.
The two-headed ogre is moderately wounded.
The two-headed ogre's fire resistance burns away.
The two-headed ogre is engulfed in blazing flames.
The two-headed ogre explodes!
The fiery explosion engulfs you! You resist.
An ogre comes into view. It is wielding a +0 giant club. x2
Casting: Scorch (safe; 0% risk of failure)
Confirm with . or Enter, or press ? or * to list all spells.
Aiming: Inner Flame (safe; 1% risk of failure)
Press: ? - help, Dir - move target, f - ogre
Aim: an ogre, wielding a +0 giant club (chance to affect: 98%)
The ogre is filled with an inner flame.
You are engulfed in blazing flames.
You resist.
A two-headed ogre comes into view.
It is wielding a +0 giant spiked club and a +0 giant club.
Casting: Inner Flame (safe; 1% risk of failure)
Confirm with . or Enter, or press ? or * to list all spells.
Flames lash the two-headed ogre.
The two-headed ogre is burned terribly!
The two-headed ogre is heavily wounded.
You are engulfed in blazing flames.
You resist.
An ogre comes into view. It is wielding a +0 giant club.
Casting: Scorch (safe; 0% risk of failure)
Confirm with . or Enter, or press ? or * to list all spells.
Flames lash the two-headed ogre.
The two-headed ogre is burned terribly!
The two-headed ogre is almost dead.
You are engulfed in blazing flames.
You resist.
You hear a shout!
The two-headed ogre hits you with a +0 giant club!!
* * * LOW HITPOINT WARNING * * *
The two-headed ogre hits you with a +0 giant club!!
You die...

### ##.## #§§@#
##O## ##O##
##.[.# #.))##
#.).#
###O######
..##.OOO#.#.##
....O........##
###


You could see 2 two-headed ogres and 3 ogres.

Vanquished Creatures
  An ogre mage (Orc:2)
  7 two-headed ogres
  Pikel (D:3)
  An orc knight (Orc:2)
  An ugly thing (D:9)
  3 centaur zombies
  A gargoyle (D:9)
  Maggie (D:6)
  2 trolls
  Grinder (D:6)
  Prince Ribbit (D:6)
  A polar bear (D:8)
  A wyvern (D:10)
  A yak (D:8)
  A warg (Orc:2)
  3 water moccasins
  Menkaure (D:6)
  5 ice beasts
  Duvessa (D:4)
  10 orc warriors
  A sky beast (D:8)
  2 necrophages
  13 ogres
  6 centaurs
  2 phantoms
  3 kobold brigands
  3 bullfrogs
  A gnoll sergeant (D:6)
  A scorpion (D:4)
  A hornet simulacrum (D:8)
  A water moccasin skeleton (D:6)
  Dowan (D:4)
  5 wights (D:8)
  2 electric eels (D:8)
  2 howler monkeys
  A gnoll shaman (D:7)
  A hound (D:5)
  9 orc priests
  5 iguanas
  12 orc wizards
  A killer bee zombie (D:7)
  A centaur simulacrum (D:8)
  3 hound skeletons
  A hound zombie (D:5)
  A killer bee simulacrum (D:8)
  14 gnolls
  A howler monkey zombie (D:5)
  5 adders
  A river rat (D:6)
  A howler monkey simulacrum (D:8)
  3 white imps (D:8)
  2 ufetubi
  2 adder skeletons
  3 worms
  A dart slug (D:1)
  52 orcs
  11 ball pythons
  8 bats
  4 endoplasms
  5 giant cockroaches
  17 goblins
  2 hobgoblins
  4 quokkas
  4 frilled lizards
  25 kobolds
  14 rats
302 creatures vanquished.

Vanquished Creatures (collateral kills)
  2 foxfires
2 creatures vanquished.

Vanquished Creatures (others)
  1194 foxfires
1194 creatures vanquished.

Grand Total: 1498 creatures vanquished

Notes
Turn   | Place    | Note
-------+----------+-------------------------------------------
     0 | D:1      | 101zpm the Djinni Fire Elementalist began the quest for the
                  | Orb.
     0 | D:1      | Reached XP level 1. HP: 15/15 MP: 0/0
   384 | D:2      | Reached XP level 2. HP: 15/21 MP: 0/0
   576 | D:2      | Reached skill level 3 in Spellcasting
   691 | D:2      | Noticed Sigmund
   725 | D:1      | Reached XP level 3. HP: 23/25 MP: 0/0
   725 | D:1      | Learned a level 1 spell: Sandblast
  3005 | D:2      | Reached XP level 4. HP: 8/31 MP: 0/0
  5110 | D:5      | Entered Level 5 of the Dungeon
  5149 | D:5      | Reached XP level 5. HP: 26/35 MP: 0/0
  5149 | D:5      | Learned a level 2 spell: Passwall
  5348 | D:5      | Noticed a water moccasin
  5354 | D:5      | Killed a water moccasin
  5355 | D:5      | Reached skill level 4 in Spellcasting
  5355 | D:5      | Reached XP level 6. HP: 19/40 MP: 0/0
  5630 | D:5      | Noticed Edmund
  5686 | D:4      | HP: 1/40 [Edmund/+2 flail of protection (12)]
  5767 | D:3      | HP: 1/40 [Edmund/+2 flail of protection (6)]
  6220 | D:3      | Reached skill level 5 in Spellcasting
  6365 | D:4      | Noticed Pikel
  6380 | D:3      | Killed Pikel
  6381 | D:3      | Reached skill level 6 in Spellcasting
  6381 | D:3      | Reached XP level 7. HP: 14/46 MP: 0/0
  6381 | D:3      | Learned a level 2 spell: Poisonous Vapours
  6381 | D:3      | Reached XP level 8. HP: 15/51 MP: 0/0
  7905 | D:5      | Reached skill level 7 in Spellcasting
  8113 | D:5      | Found a staircase to the Ecumenical Temple.
  8736 | D:6      | Noticed Grinder
  8744 | D:6      | Killed Grinder
  8950 | D:6      | Reached skill level 8 in Spellcasting
  8950 | D:6      | Reached XP level 9. HP: 47/56 MP: 0/0
  8950 | D:6      | Learned a level 3 spell: Ignite Poison
  9617 | D:7      | Reached skill level 9 in Spellcasting
  9734 | D:6      | Noticed Prince Ribbit
  9738 | D:6      | Killed Prince Ribbit
  9770 | D:6      | Noticed Menkaure
  9773 | D:6      | Killed Menkaure
 10422 | D:6      | Noticed Maggie
 10428 | D:6      | Killed Maggie
 10429 | D:6      | Reached skill level 10 in Spellcasting
 10429 | D:6      | Reached XP level 10. HP: 35/61 MP: 0/0
 12516 | D:8      | Noticed a two-headed ogre
 12522 | D:8      | Killed a two-headed ogre
 12523 | D:8      | Reached skill level 11 in Spellcasting
 13925 | D:8      | Reached XP level 11. HP: 56/66 MP: 0/0
 13925 | D:8      | Learned a level 4 spell: Dispel Undead
 14280 | D:8      | Reached skill level 1 in Fighting
 15079 | D:9      | Reached skill level 12 in Spellcasting
 15602 | D:9      | Noticed a brown ugly thing
 15613 | D:9      | Killed a brown ugly thing
 16089 | D:9      | Noticed a two-headed ogre
 16094 | D:9      | Killed a two-headed ogre
 16458 | D:9      | Found a staircase to the Orcish Mines.
 16747 | D:10     | Entered Level 10 of the Dungeon
 17360 | D:10     | Reached skill level 13 in Spellcasting
 18680 | D:4      | Noticed Dowan
 18683 | D:4      | Noticed Duvessa
 18683 | D:4      | Killed Dowan
 18689 | D:4      | Killed Duvessa
 19429 | D:4      | Identified the +1 helmet of Pessimism {Rampage rN++ Str+3
                  | Stlth+}
 19694 | Orc:1    | Entered Level 1 of the Orcish Mines
 19707 | D:9      | Reached skill level 1 in Bows
 21108 | Orc:2    | Entered Level 2 of the Orcish Mines
 21177 | Orc:2    | Noticed an orc knight
 21192 | Orc:2    | Killed an orc knight
 21252 | Orc:2    | Noticed a two-headed ogre
 21257 | Orc:2    | Killed a two-headed ogre
 21258 | Orc:2    | Reached XP level 12. HP: 53/72 MP: 0/0
 21266 | Orc:2    | Noticed a two-headed ogre
 21271 | Orc:2    | Killed a two-headed ogre
 21280 | Orc:2    | Noticed an ogre mage
 21287 | Orc:2    | Killed an ogre mage
 21292 | Orc:2    | Noticed a two-headed ogre
 21297 | Orc:2    | Noticed a two-headed ogre
 21299 | Orc:2    | Killed a two-headed ogre
 21300 | Orc:2    | Reached skill level 14 in Spellcasting
 21302 | Orc:2    | Killed a two-headed ogre
 21314 | Orc:2    | Noticed a two-headed ogre
 21748 | Orc:2    | Noticed a two-headed ogre
 21752 | Orc:2    | Killed a two-headed ogre
 21754 | Orc:2    | Noticed a two-headed ogre
 21755 | Orc:2    | Annihilated by a two-headed ogre

Illustrated notes

Levels and vault maps discovered:
D:1:      wander_arrival_lonely_grave, layout_basic
D:2:      layout_loops_corners, uniq_sigmund
D:3:      layout_basic
D:4:      minmay_recursive_quarters, layout_rooms, uniq_pikel, uniq_duvessa
D:5:      layout_basic, minmay_temple_entry_fiery, uniq_edmund
D:6:      layout_loops_ring, portal_sewer_entry_b, uniq_maggie, uniq_grinder,
          uniq_prince_ribbit1, uniq_menkaure
D:7:      layout_loops_ring
D:8:      layout_loops_ring, enter_bailey_5, serial_ice, serial_ice_l,
          serial_ice_c, serial_ice_m, serial_ice_g, serial_ice_h, serial_ice_n,
          serial_ice_d, serial_ice_e, serial_ice_a, serial_ice_b
D:9:      layout_basic
D:10:     layout_long_grid, lemuel_tele_altar, minmay_between
Orc:1:    layout_diamond_mine, basic_altar, minmay_orc_temple_a
Orc:2:    st_orc_ogre_mass, layout_caves, gammafunk_ghost_abyssal_escape,
          nicolae_shop_overcharged_wands

Skill      XL: |  1  2  3  4  5  6  7  8  9 10 11 12 |
---------------+-------------------------------------+-----
Spellcasting   | 3 4 6 8 10 11 13 14 | 14.4
Stealth        | 2 3 4 |  4.2
Dodging        | 3 |  3.6
Fighting       | 1 |  1.2
Bows           | 1 |  1.3

Action                   |  1- 3 |  4- 6 |  7- 9 | 10-12 || total
-------------------------+-------+-------+-------+-------++-------
Melee: Unarmed           |     2 |       |       |       ||     2
 Fire: Shortbow          |       |       |       |    12 ||    12
 Cast: Foxfire           |   100 |   147 |   126 |   375 ||   748
       Scorch            |     7 |    16 |    22 |    49 ||    94
       Inner Flame       |    14 |     9 |    40 |   150 ||   213
       Conjure Flame     |       |     2 |       |     1 ||     3
       Poisonous Vapours |       |       |     2 |    55 ||    57
       Dispel Undead     |       |       |       |     1 ||     1
  Use: Scroll            |       |       |       |     3 ||     3
Armor: Robe              |     2 |       |     1 |     2 ||     5
Dodge: Dodged            |     7 |    12 |     3 |    18 ||    40
